 Dungeon Crawl Stone Soup version 0.17.1-1-g73c8601 (webtiles) character file.

2740 Peloso the Blocker (level 9, -2/79 HPs)
             Began as a Hill Orc Fighter on Jan 2, 2016.
             Was a Priest of Okawaru.
             Killed from afar by an electric eel (9 damage)
             ... with a bolt of electricity
             ... on level 7 of the Dungeon.
             The game lasted 00:20:40 (6044 turns).

Peloso the Blocker (Hill Orc Fighter)               Turns: 6044, Time: 00:20:40

Health: -2/79      AC: 11    Str: 25    XL:     9   Next: 68%
Magic:  9/9        EV: 13    Int:  8    God:    Okawaru [***...]
Gold:   373        SH: 12    Dex: 17    Spells: 0 memorised, 8 levels left

rFire  . . .     SeeInvis .     a - +0 long sword
rCold  . . .     Clarity  .     F - +1 ring mail of the Queen {+Inv rN+ Str+3 Dex+7}
rNeg   + . .     SustAt   .     c - +0 shield
rPois  .         Gourm    .     (no helmet)
rElec  .         Spirit   .     (no cloak)
rCorr  .         Warding  .     w - +0 pair of gloves
rMut   .         Stasis   +     (no boots)
MR     .....                    A - amulet of stasis
Stlth  ++........               K - ring of stealth
                                r - +3 ring of protection

@: not resistant to hostile enchantments, unstealthy
A: no striking features
a: Heroism, Renounce Religion, Evoke Invisibility


You were on level 7 of the Dungeon.
You worshipped Okawaru.
Okawaru was most pleased with you.
You were not hungry.

You visited 1 branch of the dungeon, and saw 7 of its levels.

You collected 373 gold pieces.

Inventory:

Hand Weapons
 a - a +0 long sword (weapon)
Armour
 b - a +0 scale mail
 c - a +0 shield (worn)
 w - a +0 pair of gloves (worn)
 F - the +1 ring mail of the Queen (worn) {+Inv rN+ Str+3 Dex+7}
   (You found it on level 6 of the Dungeon)

   It affects your strength (+3).
   It affects your dexterity (+7).
   It protects you from negative energy.
   It lets you turn invisible.
 I - a +0 plate armour
Jewellery
 r - a +3 ring of protection (left hand)
 A - an amulet of stasis (around neck)
 K - a ring of stealth (right hand)
Scrolls
 h - 3 scrolls of fear {unknown}
 i - 3 scrolls of amnesia {unknown}
 j - 2 scrolls of enchant armour {unknown}
 l - 6 scrolls of identify {unknown}
 n - 4 scrolls of teleportation {unknown}
 o - 2 scrolls of blinking {unknown}
 q - 2 scrolls of magic mapping {unknown}
 s - 4 scrolls of remove curse {unknown}
 u - a scroll of enchant weapon {unknown}
 v - 3 scrolls of recharging {unknown}
 y - a scroll of random uselessness {unknown}
Potions
 d - 2 potions of might
 f - 2 potions of agility {unknown}
 m - a potion of lignification {unknown}
 p - 4 potions of curing
 t - a potion of brilliance {unknown}
 C - 2 potions of poison {unknown}
 J - a potion of magic {unknown}
Books
 x - a book of Power

   Spells                             Type                      Level
   a - Fulminant Prism                Conjuration/Hexes            4
   b - Iskenderun's Mystic Blast      Conjuration                  4
   c - Venom Bolt                     Conjuration/Poison           5
   d - Bolt of Magma                  Conjuration/Fire/Earth       5
   e - Iron Shot                      Conjuration/Earth            6
   f - Orb of Destruction             Conjuration                  7
   g - Spellforged Servitor           Conjuration/Summoning        7
 z - a book of the Warp

   Spells                             Type                      Level
   a - Recall                         Summoning/Translocation      3
   b - Gell's Gravitas                Hexes/Translocation          3
   c - Force Lance                    Conjuration/Translocation    4
   d - Phase Shift                    Translocation                5
   e - Warp Weapon                    Charms/Translocation         5
   f - Summon Forest                  Summoning/Translocation      5
 D - a book of Debilitation

   Spells                             Type                      Level
   a - Corona                         Hexes                        1
   b - Slow                           Hexes                        2
   c - Gell's Gravitas                Hexes/Translocation          3
   d - Inner Flame                    Hexes/Fire                   3
   e - Cause Fear                     Hexes                        4
   f - Leda's Liquefaction            Hexes/Earth                  4
 E - Ompu's Catalogue of Confrontation and the Arsonist
   (You found it on level 6 of the Dungeon)

   Spells                             Type                      Level
   a - Magic Dart                     Conjuration                  1
   b - Dazzling Spray                 Conjuration/Hexes            3
   c - Stone Arrow                    Conjuration/Earth            3
   d - Ignite Poison                  Fire/Transmutation/Poison    3
   e - Inner Flame                    Hexes/Fire                   3
   f - Ring of Flames                 Charms/Fire                  7
Comestibles
 e - 5 bread rations
 g - 3 meat rations
 k - 3 beef jerkies
 B - 3 fruits
 G - 9 chunks of flesh
 H - a slice of pizza


   Skills:
 + Level 7.1 Fighting
 + Level 6.8 Long Blades
 + Level 5.7 Armour
 + Level 5.2 Dodging
 + Level 0.3 Stealth
 + Level 8.1 Shields


You had 8 spell levels left.
You didn't know any spells.

Dungeon Overview and Level Annotations

Branches:
Dungeon (7/15)             Temple (0/1) D:6

Altars:
Cheibriados
Dithmenos
Gozag
Kikubaaqudgha
Nemelex Xobeh
Okawaru
Ru
Trog
Xom

Shops:
D:5 ?

Annotations:
D:6 exclusion: oklob sapling


Message History

Unknown command.
You closely miss the electric eel.
The electric eel shoots out a bolt of lightning at you!
The bolt of electricity hits you!
* * * LOW HITPOINT WARNING * * *
The bolt of electricity hits you!
* * * LOW HITPOINT WARNING * * *
The bolt of electricity misses the electric eel.
Drink which item? (? for menu, Esc to quit)
Okay, then.
You barely miss the electric eel.
A giant gecko comes into view.
Unknown command.
Your shield prevents you from hitting the electric eel.
Unknown command.
You slash the electric eel!
The electric eel is severely wounded.
The electric eel shoots out a bolt of lightning at you!
The bolt of electricity hits you!
You die...

### ## #.# #.# ### ###
##.# # #.## #.# #.###.###
..#####.###.#####........
......#..##..##..........
.........................
........@♣≈♣♣≈≈♣≈≈.......
.....≈♣♣♣;♣♣♣PP♣♣♣♣≈♣♣...
..(≈≈P≈≈≈l≈≈P≈≈≈≈P≈♣♣≈≈♣.
..♣♣♣≈≈≈≈≈P≈≈≈≈≈≈≈P≈≈≈≈♣♣
. ♣≈≈P≈≈♣≈≈≈≈≈≈≈≈PP≈≈PP≈
♣≈≈P≈≈≈≈≈≈≈≈≈≈≈≈≈≈≈≈P≈≈
P≈♣≈≈≈≈≈≈≈≈≈≈≈≈≈≈≈P≈≈≈≈ ;
P≈≈≈≈ ≈≈≈≈≈≈≈ P≈≈≈≈≈
≈≈≈≈≈≈≈


You could see an electric eel and a giant gecko.

Vanquished Creatures
  6 yaks (D:7)
  An orc warrior (D:6)
  A black bear (D:7)
  2 sky beasts (D:6)
  3 ogres
  A big kobold (D:5)
  3 centaurs
  3 giant frogs
  A scorpion (D:5)
  2 crimson imps (D:6)
  An electric eel (D:7)
  An orc wizard (D:6)
  A quasit (D:7)
  A hound (D:7)
  A jelly (D:7)
  A giant frog skeleton (D:6)
  Natasha (twice) (D:2)
  4 worker ants
  2 hound skeletons (D:6)
  8 adders
  4 gnolls (D:5)
  A shadow imp (D:5)
  An adder skeleton (D:6)
  An adder zombie (D:6)
  3 worms
  4 giant geckos
  11 orcs
  10 giant cockroaches
  10 goblins
  11 hobgoblins
  15 jackals
  47 kobolds
  3 quokkas
  2 ball pythons
  8 bats
  A giant cockroach zombie (D:5)
  A giant gecko skeleton (D:5)
  6 giant newts
  8 rats
192 creatures vanquished.

Notes
Turn   | Place    | Note
--------------------------------------------------------------
     0 | D:1      | Peloso the Hill Orc Fighter began the quest for the Orb.
     0 | D:1      | Reached XP level 1. HP: 19/19 MP: 1/1
    58 | D:1      | Reached XP level 2. HP: 12/27 MP: 2/2
   298 | D:1      | Reached XP level 3. HP: 14/33 MP: 3/3
   588 | D:1      | Reached skill level 4 in Fighting
   952 | D:2      | Reached skill level 1 in Dodging
   952 | D:2      | Reached XP level 4. HP: 16/40 MP: 4/4
  1251 | D:2      | Noticed Natasha
  1266 | D:2      | Killed Natasha
  1463 | D:2      | Found a sacrificial altar of Ru.
  1528 | D:2      | Noticed Natasha
  1532 | D:2      | Killed Natasha
  1687 | D:3      | Reached XP level 5. HP: 45/47 MP: 5/5
  2288 | D:3      | Reached XP level 6. HP: 38/53 MP: 6/6
  2422 | D:4      | Found a snail-covered altar of Cheibriados.
  2444 | D:4      | Found an iron altar of Okawaru.
  2455 | D:4      | Became a worshipper of Warmaster Okawaru
  2524 | D:4      | Reached skill level 5 in Shields
  2658 | D:4      | Reached XP level 7. HP: 60/60 MP: 7/7
  2906 | D:5      | Entered Level 5 of the Dungeon
  2906 | D:5      | Found Cauh's Magic Scroll Shop.
  2926 | D:5      | HP: 3/60 [poisoned by a worker ant]
  3202 | D:5      | Reached * piety under Okawaru
  3218 | D:5      | Found a bloodstained altar of Trog.
  3855 | D:5      | Reached skill level 6 in Shields
  4406 | D:6      | Reached skill level 5 in Fighting
  4406 | D:6      | Reached XP level 8. HP: 28/68 MP: 8/8
  4496 | D:6      | Identified Ompu's Catalogue of Confrontation and the Arsonist
  4505 | D:6      | Got a pitted ring mail
  4516 | D:6      | Identified the +1 ring mail of the Queen {+Inv rN+ Str+3 Dex+7} (You found it on level 6 of the Dungeon)
  4551 | D:6      | Reached skill level 5 in Armour
  4588 | D:6      | Found a staircase to the Ecumenical Temple.
  4657 | D:6      | Found an ancient bone altar of Kikubaaqudgha.
  4692 | D:6      | Reached skill level 5 in Long Blades
  5035 | D:6      | Reached ** piety under Okawaru
  5191 | D:6      | Reached skill level 7 in Shields
  5202 | D:6      | Found a sparkling altar of Nemelex Xobeh.
  5203 | D:6      | Found an opulent altar of Gozag.
  5281 | D:7      | Found a shadowy altar of Dithmenos.
  5372 | D:7      | Found a shimmering altar of Xom.
  5411 | D:7      | Reached XP level 9. HP: 75/75 MP: 9/9
  5439 | D:7      | Reached *** piety under Okawaru
  5792 | D:7      | Reached skill level 5 in Dodging
  5899 | D:7      | Reached skill level 8 in Shields
  6044 | D:7      | Killed from afar by an electric eel

Action                   |  1- 3 |  4- 6 |  7- 9 || total
-------------------------+-------+-------+-------++-------
Melee: Long sword        |   171 |   230 |   578 ||   979
  Use: Potion            |       |       |     2 ||     2
  Eat: Chunk             |       |     7 |    12 ||    19
